Map: Ascension to Aiur LE

Players

HaNfy

  • Race: Zerg Zerg
  • League: Grandmaster
  • Spawn Location: 11:00

Alluton - Winner!

  • Race: Protoss Protoss
  • League: Grandmaster
  • Spawn Location: 5:00

VOD

Have the link to the VOD?

Description

Time

  • Played on: Nov. 28, 2017, 8:18 a.m.
  • Length: 18:52
Show
View Real Time Build Order
Export as new Build Order

HaNfy Zerg 

Build Orders: Hatch First, Lurkers 

Get SALT Encoding   

  12  0:01  Drone  
  13  0:08  Drone  
  14  0:17  Overlord  
  14  0:23  Extractor, Drone  
  15  0:35  Drone x2  
  17  0:52  Hatchery  
  17  0:55  Drone  
  17  1:00  Drone  
  17  1:02  Extractor  
  17  1:15  Spawning Pool  
  17  1:17  Drone  
  17  1:22  Drone  
  18  1:28  Drone  
  19  1:39  Overlord  
  19  1:48  Drone  
  20  1:59  Drone  
  21  2:01  Queen  
  21  2:02  Metabolic Boost  
  21  2:05  Queen  
  25  2:08  Drone  
  25  2:11  Drone  
  27  2:16  Drone  
  28  2:23  Drone  
  28  2:27  Drone  
  30  2:31  Drone  
  31  2:41  Hatchery  
  30  2:44  Pneumatized Carapace  
  30  2:53  Queen  
  30  2:56  Overlord  
  32  2:59  Drone  
  32  3:01  Drone  
  32  3:02  Drone  
  35  3:07  Zergling x2  
  35  3:08  Overlord  
  36  3:15  Zergling x4  
  38  3:25  Spore Crawler  
  36  3:30  Spore Crawler, Drone  
  36  3:31  Drone x5  
  41  3:38  Drone  
  41  3:39  Queen  
  44  3:45  Drone  
  45  3:55  Drone x4  
  49  3:56  Queen  
  51  4:06  Drone x5  
  55  4:10  Extractor  
  54  4:23  Spore Crawler  
  52  4:24  Overlord  
  52  4:29  Drone x4  
  52  4:30  Drone  
  57  4:35  Lair  
  57  4:36  Extractor  
  56  4:46  Drone  
  56  4:47  Drone x8  
  56  4:48  Evolution Chamber, Baneling Nest, Drone x2  
  65  4:54  Overlord x2  
  65  5:07  Overlord x2  
  65  5:08  Extractor  
  65  5:11  Zergling x2  
  65  5:13  Zergling x6  
  65  5:14  Spine Crawler, Zergling x10  
  70  5:19  Zergling x6  
  75  5:24  Zergling x4  
  77  5:31  Baneling x2  
  77  5:32  Baneling x5  
  77  5:34  Zergling x4  
  75  5:54  Drone  
  75  5:55  Hydralisk Den  
  71  5:57  Zerg Missile Weapons Level 1, Drone x2  
  71  5:58  Drone x2  
  75  6:05  Extractor  
  75  6:06  Extractor, Drone x9  
  82  6:14  Hatchery  
  82  6:17  Drone  
  82  6:19  Hatchery  
  82  6:21  Evolution Chamber  
  82  6:23  Drone x4  
  84  6:35  Drone x2  
  84  6:36  Drone x3  
  87  6:47  Muscular Augments  
  87  6:49  Lurker Den  
  87  6:50  Overlord x5  
  86  6:54  Centrifical Hooks, Zerg Melee Weapons Level 1  
  86  7:13  Hydralisk x2  
  86  7:14  Hydralisk x7  
  103  7:38  Drone x11  
  114  7:50  Extractor  
  113  7:54  Hydralisk  
  113  7:55  Hydralisk x8, Extractor  
  113  7:56  Overlord x3  
  113  7:57  Overlord x2  
  130  8:23  Hydralisk x3  
  130  8:24  Zergling x12  
  130  8:25  Zergling x4  
  130  8:26  Lurker x6  
  130  8:27  Lurker x2  
  151  8:28  Hydralisk  
  151  8:29  Zergling x12  
  151  8:30  Zergling x6  
  160  8:56  Overseer, Hatchery  
  160  8:57  Overseer  
  160  8:58  Zerg Melee Weapons Level 2, Zerg Missile Weapons Level 2  
  160  9:01  Baneling x7  
  160  9:02  Baneling x2  
  158  9:16  Lurker  
  158  9:17  Lurker x2  
  159  9:18  Zergling x4  
  159  9:19  Zergling x26  
  159  9:20  Overlord x4  
  129  9:42  Hydralisk x7  
  129  9:43  Hydralisk x3  
  143  9:51  Hydralisk x3  
  136  10:24  Drone x2  
  136  10:25  Extractor x2, Drone x7  
  136  10:26  Drone  
  136  10:28  Hatchery  
  143  10:34  Hatchery  
  142  10:38  Baneling x2  
  141  10:43  Infestation Pit  
  140  10:55  Hydralisk  
  140  10:56  Hydralisk x2, Zergling x2  
  140  10:57  Zergling x6  
  147  10:59  Hydralisk  
  147  11:00  Hydralisk x3  
  154  11:21  Drone x3  
  154  11:22  Drone x3  
  154  11:23  Drone x7  
  154  11:24  Drone x2  
  169  11:27  Hive  
  169  11:29  Drone  
  169  11:30  Spire  
  169  11:33  Zerg Ground Armor Level 1  
  169  11:40  Drone x5  
  169  11:46  Extractor  
  173  12:00  Queen  
  167  12:13  Extractor  
  167  12:14  Spore Crawler  
  167  12:15  Spore Crawler, Pathogen Glands  
  155  12:22  Lurker x4  
  160  12:23  Lurker x4  
  160  12:30  Spine Crawler  
  160  12:32  Spine Crawler  
  160  12:33  Spine Crawler x2  
  127  12:50  Hydralisk x6  
  112  12:51  Zergling x4  
  112  12:52  Zergling x18  
  105  12:58  Lurker  
  105  12:59  Lurker x3  
  105  13:01  Baneling  
  108  13:11  Baneling x5  
  108  13:12  Baneling x2  
  108  13:13  Viper  
  108  13:14  Viper  
  108  13:16  Overseer, Hatchery  
  108  13:18  Hydralisk x2  
  108  13:19  Zergling x6  
  120  13:21  Lurker x3  
  123  13:44  Lurker  
  123  13:45  Overseer, Lurker  
  125  13:51  Viper x2  
  125  13:52  Hydralisk x2  
  125  13:53  Hydralisk  
  125  13:55  Zergling x16  
  139  13:56  Zergling x4  
  139  14:01  Extractor  
  145  14:17  Infestor x3  
  145  14:19  Infestor  
  151  14:32  Hydralisk x5  
  153  14:42  Baneling x4  
  153  14:43  Baneling x7  
  153  14:50  Hydralisk x3  
  153  14:51  Zergling x2  
  153  14:52  Zergling x12  
  147  15:18  Hatchery, Infestor  
  147  15:19  Infestor x2  
  112  15:47  Infestor x3  
  112  15:49  Burrow  
  118  15:57  Hatchery  
  118  16:03  Drone x3  
  120  16:05  Drone x3  
  123  16:20  Infestor x3  
  129  16:29  Hydralisk  
  129  16:30  Hydralisk  
  133  16:47  Extractor  
  133  16:48  Extractor  
  133  16:49  Spore Crawler, Infestor x2  
  133  16:50  Spore Crawler  
  133  16:51  Spore Crawler  
  120  17:21  Drone x8  
  125  17:26  Infestor x3  
  129  17:38  Infestor  
  129  17:39  Infestor x2  
  129  17:43  Zergling x14  
  131  18:04  Drone x3  
  131  18:05  Drone x2  
  136  18:06  Drone  
  136  18:07  Hatchery, Drone x4  
Show
View Real Time Build Order
Export as new Build Order

Alluton Protoss - Winner!

Build Orders: 1 Gate Expand, Oracle Opening 

Get SALT Encoding   

  12  0:00  Probe  
  13  0:13  Probe  
  14  0:20  Pylon  
  14  0:25  Probe  
  15  0:38  Probe  
  15  0:39  Gateway  
  16  0:48  Assimilator  
  16  0:50  Probe  
  17  1:03  Probe (Chrono Boost)  
  19  1:15  Probe (Chrono Boost)  
  19  1:23  Nexus  
  20  1:25  Probe  
  20  1:35  Cybernetics Core  
  20  1:38  Probe (Chrono Boost)  
  21  1:44  Assimilator  
  21  1:50  Probe (Chrono Boost)  
  21  1:53  Pylon  
  22  1:57  Probe (Chrono Boost)  
  23  2:11  Probe (Chrono Boost)  
  23  2:12  Adept, Warp Gate  
  26  2:23  Probe (Chrono Boost)  
  28  2:33  Stargate, Probe (Chrono Boost)  
  28  2:35  Probe (Chrono Boost)  
  29  2:39  Zealot  
  33  2:45  Probe x2 (Chrono Boost)  
  33  2:49  Probe x2  
  35  3:01  Probe x2  
  37  3:13  Probe (Chrono Boost)  
  37  3:15  Probe (Chrono Boost), Oracle  
  42  3:20  Gateway  
  42  3:25  Probe (Chrono Boost)  
  42  3:28  Gateway  
  42  3:33  Pylon  
  43  3:34  Probe x2 (Chrono Boost)  
  43  3:38  Probe  
  43  3:39  Probe  
  45  3:49  Nexus  
  45  3:50  Probe  
  45  3:51  Probe  
  45  3:53  Oracle  
  50  4:01  Pylon  
  51  4:04  Probe (Chrono Boost)  
  51  4:09  Probe (Chrono Boost)  
  51  4:16  Probe x2 (Chrono Boost)  
  53  4:18  Probe  
  53  4:21  Adept x2  
  58  4:24  Pylon  
  58  4:27  Shield Battery, Assimilator  
  58  4:28  Probe (Chrono Boost)  
  58  4:30  Probe (Chrono Boost)  
  60  4:34  Assimilator  
  60  4:42  Probe (Chrono Boost)  
  60  4:43  Adept  
  60  4:44  Adept x2  
  69  4:47  Probe (Chrono Boost)  
  69  4:50  Pylon  
  70  4:54  Probe (Chrono Boost)  
  70  4:55  Probe (Chrono Boost)  
  70  5:02  Probe (Chrono Boost)  
  70  5:04  Adept x3  
  79  5:10  Probe x2 (Chrono Boost)  
  79  5:12  Probe (Chrono Boost)  
  82  5:15  Twilight Council, Probe x2 (Chrono Boost), Forge  
  82  5:19  Void Ray  
  86  5:21  Probe (Chrono Boost)  
  86  5:27  Zealot  
  92  5:32  Probe x3 (Chrono Boost), Pylon  
  92  5:36  Probe  
  93  5:48  Probe x2  
  92  5:56  Robotics Facility  
  80  5:58  Assimilator  
  80  5:59  Protoss Ground Weapons Level 1 (Chrono Boost), Charge (Chrono Boost)  
  80  6:00  Probe x2, Templar Archives  
  80  6:02  Assimilator  
  80  6:03  Zealot  
  80  6:04  Zealot x2  
  87  6:12  Gateway x2  
  87  6:14  Gateway  
  87  6:15  Pylon  
  87  6:22  Pylon  
  87  6:29  Gateway  
  87  6:31  Gateway  
  87  6:38  Pylon  
  87  6:40  Psionic Storm  
  87  6:44  Immortal  
  87  6:45  High Templar x3  
  97  6:55  Shield Battery  
  97  6:57  Nexus  
  97  6:59  Pylon  
  97  7:01  Pylon  
  97  7:10  Shield Battery  
  97  7:11  Pylon  
  97  7:13  Photon Cannon  
  97  7:20  High Templar  
  97  7:21  High Templar  
  97  7:22  Robotics Facility, Zealot x3  
  107  7:24  Immortal  
  107  7:25  Shield Battery  
  107  7:29  Photon Cannon  
  105  7:53  High Templar  
  105  7:54  High Templar x3, Zealot x2  
  105  7:56  Protoss Ground Weapons Level 2 (Chrono Boost)  
  117  7:58  Shield Battery  
  117  7:59  Probe  
  117  8:03  Photon Cannon  
  118  8:06  Immortal, Archon  
  118  8:07  Photon Cannon  
  118  8:09  Immortal  
  126  8:22  Zealot x3  
  126  8:23  Zealot  
  126  8:26  Zealot x3  
  126  8:27  Zealot  
  138  8:45  Immortal (Chrono Boost)  
  146  8:48  Immortal (Chrono Boost)  
  146  8:49  Probe  
  146  8:51  Assimilator  
  146  8:52  Zealot x2  
  146  8:53  Assimilator  
  146  8:54  Pylon  
  146  8:55  Zealot  
  153  8:57  High Templar x3  
  153  8:58  High Templar  
  161  9:03  Archon x2  
  161  9:07  Probe x3  
  160  9:19  Photon Cannon  
  160  9:22  Observer (Chrono Boost)  
  161  9:24  Photon Cannon  
  161  9:25  Pylon  
  161  9:28  Zealot x4  
  161  9:30  Shield Battery  
  169  9:37  Zealot x4  
  158  9:39  Probe (Chrono Boost)  
  158  9:40  Probe (Chrono Boost)  
  158  9:41  Probe (Chrono Boost)  
  157  9:48  Probe (Chrono Boost)  
  157  9:51  Probe (Chrono Boost)  
  157  9:52  Probe x2 (Chrono Boost)  
  157  9:53  Probe (Chrono Boost)  
  157  9:56  Probe (Chrono Boost), Immortal x2 (Chrono Boost)  
  157  9:59  Probe x2 (Chrono Boost)  
  166  10:00  High Templar x3  
  166  10:05  Pylon, Archon  
  169  10:07  Pylon  
  169  10:08  Probe x4 (Chrono Boost)  
  150  10:14  Zealot  
  150  10:15  Probe, Zealot x2  
  150  10:21  High Templar x2  
  159  10:35  Immortal x2 (Chrono Boost)  
  167  10:36  Protoss Ground Weapons Level 3 (Chrono Boost)  
  167  10:39  High Templar x2  
  167  10:42  Zealot x3  
  175  10:48  Shield Battery  
  175  10:50  Photon Cannon  
  175  10:53  Shield Battery  
  175  10:55  Zealot  
  177  11:02  Fleet Beacon, Pylon, Protoss Air Weapons Level 1  
  177  11:04  Archon  
  177  11:06  Warp Prism  
  177  11:10  Warp Prism  
  175  11:32  Stargate  
  175  11:33  Stargate  
  175  11:35  Photon Cannon  
  175  11:42  Photon Cannon  
  175  11:49  Nexus  
  175  11:51  Pylon  
  175  11:54  Carrier (Chrono Boost)  
  175  11:55  Assimilator  
  175  11:56  Graviton Catapult  
  175  12:00  Assimilator  
  171  12:17  Carrier x2 (Chrono Boost)  
  183  12:27  Zealot x5  
  183  12:28  Zealot x3  
  183  12:29  Protoss Air Weapons Level 2 (Chrono Boost)  
  153  12:52  Archon  
  153  12:53  Archon  
  149  13:06  Immortal x2  
  149  13:07  High Templar x6  
  149  13:08  High Templar  
  149  13:11  Carrier (Chrono Boost)  
  177  13:15  Archon x2  
  177  13:25  Photon Cannon  
  177  13:27  Zealot  
  177  13:28  Shield Battery  
  177  13:33  Carrier x2 (Chrono Boost)  
  191  13:36  Protoss Shields Level 1 (Chrono Boost)  
  191  13:39  Pylon  
  189  13:49  Observer  
  189  13:50  Observer  
  189  13:51  High Templar x3  
  197  13:56  Photon Cannon  
  197  14:06  Nexus  
  197  14:08  Pylon  
  193  14:11  High Templar x3  
  193  14:15  Archon  
  199  14:36  Dark Shrine  
  189  14:40  Zealot x5  
  199  14:56  Gateway x2  
  199  14:57  Gateway  
  199  14:58  Pylon  
  193  15:00  Gateway  
  189  15:08  Carrier (Chrono Boost)  
  187  15:20  Zealot x2  
  200  15:24  Carrier (Chrono Boost)  
  183  15:29  Carrier (Chrono Boost)  
  178  15:46  Probe x4  
  188  15:58  Protoss Air Weapons Level 3 (Chrono Boost)  
  188  16:02  Photon Cannon  
  188  16:06  Photon Cannon  
  188  16:07  Assimilator  
  188  16:08  Shield Battery  
  188  16:10  Photon Cannon  
  188  16:13  Shield Battery, Photon Cannon  
  188  16:14  Carrier  
  188  16:16  Assimilator  
  188  16:18  Observer x2  
  186  16:19  Pylon  
  186  16:24  Protoss Shields Level 2 (Chrono Boost)  
  192  16:28  Dark Templar  
  194  16:33  Nexus  
  194  16:41  Pylon  
  194  16:44  Pylon  
  178  17:19  Carrier x2  
  186  17:40  Observer  
  186  17:41  Observer  
  194  18:01  Photon Cannon  
  194  18:03  Shield Battery  
  194  18:05  Dark Templar  
  194  18:06  Dark Templar x2, Photon Cannon  
  200  18:26  Archon x2  
  200  18:32  Robotics Bay  
  200  18:41  Pylon  
Tags
 
Add a new tag
Caveats
  • Supply blocks, unpowered buildings, or Contaminate may cause inaccurate times.
  • Supply counts are checked every 10 seconds.